 Dungeon Crawl Stone Soup version 0.24.1 (webtiles) character file.

Game seed: 7398289483475385940, levelgen mode: deterministic

120 Descartes the Magician (level 4, 0/36 HPs)
             Began as a Deep Elf Air Elementalist on Apr 2, 2020.
             Slain by a hound (1 damage)
             ... on level 5 of the Dungeon.
             The game lasted 00:08:22 (2481 turns).

Descartes the Magician (Deep Elf Air Elementalist)  Turns: 2481, Time: 00:08:22

Health: 0/36       AC: 22    Str:  5    XL:     4   Next: 75%
Magic:  9/12       EV:  2    Int: 21    God:
Gold:   102        SH:  0    Dex: 15    Spells: 10/11 levels left

rFire    . . .     SeeInvis .   l - staff of energy
rCold    . . .     Gourm    .   (no shield)
rNeg     + + +     Faith    .   (armour currently unavailable)
rPois    +         Spirit   .   (helmet currently unavailable)
rElec    .         Reflect  .   (cloak currently unavailable)
rCorr    .         Harm     .   (gloves currently unavailable)
MR       .....     NoTele   +   (boots currently unavailable)
Stlth    +++.......             (no amulet)
HPRegen  0.12/turn              b - ring of stealth
MPRegen  0.13/turn              (no ring)

@: lethally poisoned (0 -> -4), tree-form
A: no striking features
a: no special abilities


You were on level 5 of the Dungeon.
You were hungry.
You were a tree.
You visited 1 branch of the dungeon, and saw 5 of its levels.

You collected 102 gold pieces.

Inventory:

Hand Weapons
 i - a +0 short sword
 r - a +1 dagger of venom
Missiles
 f - 4 boomerangs (quivered)
 g - 107 stones
 t - 43 arrows
Armour
 a - a +0 robe
 p - a +2 leather armour of fire resistance (melded)
Magical Staves
 l - an uncursed staff of energy (weapon)
Jewellery
 b - a ring of stealth (left branch)
Scrolls
 h - 5 scrolls of identify {unknown}
 j - a scroll of fear {unknown}
 o - a scroll of enchant armour {unknown}
 q - a scroll of enchant weapon {unknown}
 s - 2 scrolls of remove curse {unknown}
Potions
 k - a potion of degeneration {unknown}
Comestibles
 c - 6 rations


   Skills:
 + Level 0.8 Armour
 - Level 2.5 Dodging
 + Level 3.2 Stealth
 + Level 4.2 Spellcasting
 + Level 2.5 Conjurations
 + Level 3.8 Air Magic


You had 10 spell levels left.
You knew the following spells:

 Your Spells              Type           Power        Failure   Level  Hunger
a - Shock                 Conj/Air       ###.         3%          1    None

Your spell library contained the following spells:

 Spells                   Type           Power        Failure   Level  Hunger
 Swiftness                Chrm/Air       ##......     8%          2    None
 Static Discharge         Conj/Air       ###.....     10%         3    None
 Airstrike                Air            ###.......   24%         4    None
 Lightning Bolt           Conj/Air       ###.......   65%         5    None


Dungeon Overview and Level Annotations

Branches:
Dungeon (5/15)
 Temple: D:4-7

Altars:
Gozag

Annotations:
D:4 Natasha
D:5 3 runed translucent doors, Pikel; Thomus's ghost, amateur DECj


Message History

Confirm with . or Enter, or press ? or * to list all spells.
Aiming: Shock (safe; 5% risk of failure)
Press: ? - help, Shift-Dir - straight line, f/p - hound
Aim: a hound (almost dead)
The zap misses the hound.
The zap hits the hound.
You kill the hound!
The adder bites you.
* * * LOW HITPOINT WARNING * * *
You are lethally poisoned!
The adder poisons you!
A leopard gecko zombie comes into view.
The hound bites you.
* * * LOW HITPOINT WARNING * * *
The adder completely misses you.
It was a potion of lignification.
You turn into a tree.
Your +2 leather armour of fire resistance melds into your body.
You feel less resistant to fire.
Your roots penetrate the ground.
* * * LOW HITPOINT WARNING * * *
You feel sick. The hound bites you.
You die...

#........## ##........#
..........#cW.. #........#
...##.....+h.$.8#.....#.##
... #.....+._8.∩##.#..#..#
. ......+..$$8#.......##
.......#$...∩#.........
.....#..##.8.###p.......
####.h......$.
#...♣Sp.......
#..##......... #.
.......... # Y.h....#...
........... ......##....
....... ... ..Z..


You could see 2 slaves, a howler monkey, a hound, an adder and a leopard gecko
zombie (wandering).

Vanquished Creatures
  A hound (D:5)
  A howler monkey skeleton (D:5)
  2 adders (D:2)
  An ooze (D:2)
  A worm (D:2)
  4 dart slugs (D:1)
  2 leopard geckos
  2 giant cockroaches
  6 goblins
  7 hobgoblins
  5 kobolds
  6 bats
  4 frilled lizards
  4 rats
46 creatures vanquished.

Notes
Turn   | Place    | Note
-------+----------+-------------------------------------------
     0 | D:1      | Descartes the Deep Elf Air Elementalist began the quest for
                  | the Orb.
     0 | D:1      | Reached XP level 1. HP: 10/10 MP: 6/6
   387 | D:1      | Reached XP level 2. HP: 15/15 MP: 4/8
   984 | D:1      | Reached XP level 3. HP: 19/19 MP: 3/10
  1808 | D:2      | Reached skill level 4 in Spellcasting
  2102 | D:2      | Reached XP level 4. HP: 24/24 MP: 4/12
  2376 | D:3      | You fall into a shaft and drop 2 floors!
  2376 | D:5      | Entered Level 5 of the Dungeon
  2408 | D:5      | Found a runed translucent gate.
  2408 | D:5      | Found a runed translucent gate.
  2408 | D:5      | Found a runed translucent gate.
  2410 | D:5      | Found an opulent altar of Gozag.
  2422 | D:5      | Noticed Thomus's ghost (amateur DECj)
  2423 | D:5      | Noticed a centaur
  2434 | D:4      | Noticed Natasha
  2455 | D:5      | Noticed a slave
  2455 | D:5      | Noticed a slave
  2458 | D:5      | Noticed Pikel
  2476 | D:5      | Noticed an ice beast
  2480 | D:5      | HP: 1/24 [hound (1)]
  2481 | D:5      | Slain by a hound

Levels and vault maps discovered:
D:1:      mrwooster_arrival_statue_2, layout_basic
D:2:      layout_basic, minmay_tromino_i4
D:3:      layout_basic
D:4:      layout_gridville, grunt_dithmenos_smoke, temple_hall, serial_shops,
          shop, uniq_ijyb, uniq_menkaure, uniq_natasha, uniq_eustachio
D:5:      layout_cave_pools, basic_altar, ebering_ghost_gozag, first_ration,
          uniq_pikel

Skill      XL: |  1  2  3 |
---------------+----------+-----
Conjurations   | 2 |  2.5
Spellcasting   | 4 |  4.2
Stealth        | 3 |  3.2
Armour         | |  0.8
Dodging        | |  2.5
Air Magic      | |  3.8

Action                   |  1- 3 |  4- 6 || total
-------------------------+-------+-------++-------
Melee: Staff             |       |     1 ||     1
 Cast: Shock             |   104 |    24 ||   128
  Use: Potion            |       |     3 ||     3
  Eat: Chunk             |     3 |     1 ||     4
Armor: Robe              |     3 |       ||     3
       Leather armour    |     1 |    25 ||    26
Dodge: Dodged            |    12 |    49 ||    61
